 Dungeon Crawl Stone Soup version 0.23.0 (webtiles) character file.

Game seed: 1558588306420713542

489 Laan the Magician (level 6, -9/41 HPs)
             Began as a Mummy Fire Elementalist on Feb 10, 2019.
             Was an Initiate of Vehumet.
             Killed by divine providence
             ... invoked by an orc priest
              (14 damage)
             ... on level 4 of the Dungeon.
             The game lasted 00:09:47 (4389 turns).

Laan the Magician (Mummy Fire Elementalist)         Turns: 4389, Time: 00:09:48

Health: -9/41      AC:  8    Str: 11    XL:     6   Next: 90%
Magic:  4/14       EV: 12    Int: 17    God:    Vehumet [......]
Gold:   168        SH:  0    Dex: 12    Spells: 8/16 levels left

rFire    . . .     SeeInvis .   c - +0 short sword
rCold    . . .     Gourm    .   (no shield)
rNeg     + + +     Faith    .   o - +2 robe {MR+}
rPois    ∞         Spirit   .   h - +2 hat
rElec    .         Reflect  .   (no cloak)
rCorr    .         Harm     .   l - +0 pair of gloves
MR       +....                  k - +0 pair of boots
Stlth    ++........             (no amulet)
HPRegen  0.13/turn              b - ring of fire
MPRegen  0.14/turn              e - ring of wizardry

@: no status effects
A: no food or potions, fire vulnerability, cold resistance 1, negative energy
resistance 3, torment resistance, unbreathing
a: Renounce Religion


You were on level 4 of the Dungeon.
You worshipped Vehumet.
Vehumet was noncommittal.
You were not hungry.

You visited 1 branch of the dungeon, and saw 4 of its levels.

You collected 168 gold pieces.

Inventory:

Hand Weapons
 c - a +0 short sword (weapon)
Armour
 h - a +2 hat (worn)
 k - a +0 pair of boots (worn)
 l - a +0 pair of gloves (worn)
 o - a +2 robe of magic resistance (worn)
 t - a +2 robe of fire resistance
Jewellery
 b - a ring of fire (left hand)
 d - a cursed amulet of inaccuracy {unknown}
 e - a ring of wizardry (right hand)
 g - an uncursed ring of poison resistance {unknown}
 m - an uncursed ring of stealth {unknown}
 r - an uncursed ring of ice {unknown}
 s - an uncursed amulet of regeneration {unknown}
Wands
 a - a wand of polymorph (8)
 n - a wand of random effects (25)
 p - a wand of flame (41)
Scrolls
 f - 2 scrolls of enchant weapon {unknown}
 i - 3 scrolls of identify {unknown}
 j - a scroll of remove curse {unknown}
 q - a scroll of magic mapping {unknown}
 u - a scroll of fog {unknown}


   Skills:
 - Level 1.5 Dodging
 - Level 1.5 Stealth
 + Level 5.6 Spellcasting
 * Level 4.9 Conjurations
 - Level 2.4 Fire Magic


You had 8 spell levels left.
You knew the following spells:

 Your Spells              Type           Power        Failure   Level  Hunger
a - Flame Tongue          Conj/Fire      ####.        1%          1    N/A
b - Conjure Flame         Conj/Fire      ####....     3%          3    N/A
c - Sticky Flame          Conj/Fire      ####....     12%         4    N/A

Your spell library contained the following spells:

 Spells                   Type           Power        Failure   Level  Hunger
 Throw Flame              Conj/Fire      ####..       1%          2    N/A
 Inner Flame              Hex/Fire       ##......     10%         3    N/A
 Fireball                 Conj/Fire      ####......   32%         5    N/A

Dungeon Overview and Level Annotations

Branches:
Dungeon (4/15)
 Temple: D:4-7

Altars:
Vehumet


Innate Abilities, Weirdness & Mutations

You do not eat or drink.
Your flesh is vulnerable to fire.
You are immune to poison.
Your flesh is cold resistant. (rC+)
You are immune to negative energy. (rN+++)
You are immune to unholy pain and torment.
You can survive without breathing.


Message History

You open the door.
The orc wizard hits you but does no damage.
There is an open door here.
The orc wizard completely misses you. The orc wizard casts a spell at you.
The puff of flame misses you.
Things that are here:
a +0 short sword; a +0 ring mail; the elf skeleton of Duvessa The orc wizard looks encouraged for a moment.
The orc wizard is no longer moving quickly.
The orc wizard begins to cast a cantrip, but forgets the words!
The orc priest invokes the aid of Beogh against you.
Beogh smites you!
* * * LOW HITPOINT WARNING * * *
The orc priest looks braver for a moment.
The orc wizard miscasts a cantrip.
You see here a frilled lizard skeleton.
The orc priest mumbles some strange prayers to Beogh against you.
Beogh smites you!
You die...

#######.
######......
#.........#
#.........#
#.........# ######
#.........###..
...o.#
#...%..........
####.#
#######@.........
#.#
#..o..÷.##......e
####.#####.......#
.......
.........'o...)..+
....$..
####.#####.......#
#...... #.###
#.......# ......
####...###.......#
##....
...'.....+.......#
....
##.#...###.......#


You could see an orc priest and an orc wizard.

Vanquished Creatures
  Sigmund (D:3)
  Duvessa (D:4)
  Dowan (D:4)
  An orc priest (D:4)
  Jessica (D:3)
  An iguana (D:3)
  4 adders
  2 worms (D:2)
  A dart slug (D:1)
  A leopard gecko (D:3)
  2 orcs (D:3)
  2 ball pythons
  8 bats
  9 giant cockroaches
  3 goblins
  8 hobgoblins
  6 jackals
  A quokka (D:4)
  7 frilled lizards
  6 kobolds
  5 rats
71 creatures vanquished.

Notes
Turn   | Place    | Note
-------+----------+-------------------------------------------
     0 | D:1      | Laan the Mummy Fire Elementalist began the quest for the
                  | Orb.
     0 | D:1      | Reached XP level 1. HP: 13/13 MP: 4/4
    45 | D:1      | Reached skill level 1 in Conjurations
   408 | D:1      | Reached skill level 3 in Spellcasting
   706 | D:1      | Reached XP level 2. HP: 9/19 MP: 0/6
  1252 | D:1      | Reached XP level 3. HP: 7/24 MP: 0/7
  1571 | D:1      | Learned a level 3 spell: Conjure Flame
  2734 | D:3      | Reached XP level 4. HP: 30/30 MP: 6/9
  2946 | D:3      | Noticed Sigmund
  2965 | D:3      | Killed Sigmund
  2965 | D:3      | Reached skill level 4 in Spellcasting
  2965 | D:3      | Reached XP level 5. HP: 35/35 MP: 0/11
  3105 | D:3      | Noticed Jessica
  3114 | D:3      | Killed Jessica
  3114 | D:3      | Reached XP level 6. HP: 41/41 MP: 4/13
  3203 | D:3      | Found a radiant altar of Vehumet.
  3223 | D:3      | Became a worshipper of Vehumet
  3461 | D:3      | Found a faded altar of an unknown god.
  3810 | D:4      | Noticed Dowan
  3811 | D:4      | Noticed Duvessa
  3937 | D:3      | Learned a level 4 spell: Sticky Flame
  3948 | D:4      | Killed Dowan
  3948 | D:4      | Reached skill level 5 in Spellcasting
  4038 | D:4      | Killed Duvessa
  4389 | D:4      | Killed from afar by an orc priest

Skill      XL: |  1  2  3  4  5  6 |
---------------+-------------------+-----
Conjurations   | 1 2 3 4 |  4.9
Spellcasting   | 3 4 5 |  5.6
Dodging        | |  1.5
Stealth        | |  1.5
Fire Magic     | |  2.4

Action                   |  1- 3 |  4- 6 || total
-------------------------+-------+-------++-------
Melee: Unarmed           |     7 |       ||     7
       Short sword       |    13 |     1 ||    14
 Cast: Flame Tongue      |    86 |    79 ||   165
       Sticky Flame      |       |     5 ||     5
Evoke: Wand              |       |     3 ||     3
Armor: Robe              |    12 |    15 ||    27
Dodge: Dodged            |    39 |    33 ||    72
